 Dungeon Crawl Stone Soup version 0.31-a0-263-ge8cad7f256 (webtiles) character file.

Game seed: 16445728646892356805

54126 knightboat the Fighter (level 14, -1/125 HPs)
             Began as a Grey Draconian Earth Elementalist on July 13, 2023.
             Was an Elder of Vehumet.
             Slain by a +3 vampiric war axe (9 damage)
             ... on level 1 of the Elven Halls.
             The game lasted 00:52:20 (22606 turns).

knightboat the Fighter (DrEE)                      Turns: 22606, Time: 00:52:20

Health: -1/125     AC: 18    Str: 13    XL:     14   Next: 33%
Magic:  2/28       EV: 15    Int: 19    God:    Vehumet [****..]
Gold:   1109       SH:  0    Dex: 16    Spells: 9/33 levels left

rFire   + . .        n - +4 flail of the Shark {elec, Int+3}
rCold   . . .        (no shield)
rNeg    . . .        (body armour unavailable)
rPois   .            (helmet restricted)
rElec   .            k - +1 cloak
rCorr   .            g - +2 pair of gloves
SInv    .            (no boots)
Will    +....        U - amulet of the acrobat
Stlth   ++           B - ring of fire
HPRegen 0.40/turn    s - ring of protection from cold
MPRegen 0.21/turn

%: acrobat
@: flying, hasted, very quick
A: AC +13, amphibious, unfitting armour, cold-blooded, big wings, hooves 1,
agile 1
a: Renounce Religion


You were on level 1 of the Elven Halls.
You worshipped Vehumet.
Vehumet was greatly pleased with you.
You visited 5 branches of the dungeon, and saw 20 of its levels.

You collected 1189 gold pieces.
You spent 80 gold pieces at shops.

Inventory:

Hand Weapons
 n - the +4 flail of the Shark (weapon) {elec, Int+3}
   (You found it on level 3 of the Dungeon)

   Int:       It affects your intelligence (+3).
 F - a +0 dire flail
Missiles
 m - 4 javelins
 P - a throwing net
Armour
 g - a +2 pair of gloves (worn)
 k - a +1 cloak (worn)
Magical Staves
 E - a staff of cold
Jewellery
 l - a +6 ring of strength
 s - a ring of protection from cold (right hand)
 x - a +4 ring of protection
 B - a ring of fire (left hand)
 R - a ring of resist corrosion
 U - an amulet of the acrobat (around neck)
Talismans
 r - a granite talisman
Wands
 p - a wand of iceblast (20)
 y - a wand of flame (48)
 C - a wand of paralysis (11)
 M - a wand of light (4)
 Q - a wand of polymorph (5)
Scrolls
 b - a scroll of teleportation
 c - 2 scrolls of revelation
 d - 3 scrolls of poison
 f - a scroll of silence
 h - a scroll of acquirement
 i - a scroll of summoning
 j - 6 scrolls of enchant weapon
 q - 3 scrolls of torment
 w - 2 scrolls of immolation
 H - 2 scrolls of vulnerability
 J - 2 scrolls of brand weapon
Potions
 a - 2 potions of magic
 o - 3 potions of curing
 t - 3 potions of attraction
 u - 4 potions of haste
 v - 2 potions of might
 I - 2 potions of enlightenment
 N - a potion of mutation
 T - a potion of resistance


   Skills:
 - Level 11.6 Fighting
 - Level 6.1 Maces & Flails
 - Level 5.7 Dodging
 - Level 1.7 Stealth
 + Level 10.4 Spellcasting
 - Level 10.0 Conjurations
 - Level 4.3 Transmutations
 - Level 8.0 Fire Magic
 - Level 10.1 Earth Magic
 - Level 4.2 Poison Magic
 - Level 8.1 Shapeshifting


You had 9 spell levels left.
You knew the following spells:

 Your Spells              Type           Power      Damage    Failure   Level
a - Sandblast             Erth           96%        2d20      1%          1
b - Stone Arrow           Conj/Erth      96%        3d13      1%          3
c - Mephitic Cloud        Conj/Pois/Air  27%        N/A       1%          3
d - Ignite Poison         Fire/Tmut/Pois 46%        N/A       1%          3
e - Poisonous Vapours     Pois/Air       34%        N/A       1%          2
f - Leda's Unmaking       Conj/Erth      24%        9d5       4%          6
g - Starburst             Conj/Fire      30%        6d9       7%          6

Your spell library contained the following spells:

 Spells                   Type           Power      Damage    Failure   Level
 Magic Dart               Conj           100%       1d8       1%          1
 Passwall                 Tmut/Erth      30%        N/A       1%          2
 Searing Ray              Conj           94%        2d7       1%          2
 Wereblood                Tmut           26%        N/A       1%          2
 Dazzling Flash           Conj/Hex       56%        N/A       1%          3
 Fireball                 Conj/Fire      30%        3d13      1%          5
 Iskenderun's Battlesphe  Conj           47%        2d10      1%          5
 Fulminant Prism          Conj/Hex       14%        3d9       2%          4
 Petrify                  Tmut/Erth      37%        N/A       3%          4
 Cigotuvi's Dreadful Rot  Necr/Pois/Air  30%        N/A       6%          2
 Slow                     Hex            36%        N/A       7%          1
 Leda's Liquefaction      Hex/Erth       14%        N/A       9%          4
 Call Imp                 Summ           18%        N/A       11%         2
 Lesser Beckoning         Tloc           18%        N/A       11%         2
 Sublimation of Blood     Necr           9%         N/A       11%         2
 Freezing Cloud           Conj/Ice/Air   11%        6-21      13%         5
 Call Canine Familiar     Summ           9%         N/A       22%         3
 Confusing Touch          Hex            9%         N/A       22%         3
 Gell's Gravitas          Tloc           9%         N/A       22%         3
 Portal Projectile        Hex/Tloc       18%        N/A       22%         3
 Teleport Other           Tloc           9%         N/A       22%         3
 Vampiric Draining        Necr           9%         2d6       22%         3
 Orb of Destruction       Conj           23%        9d8       24%         7
 Conjure Ball Lightning   Conj/Air       14%        3x3d6     32%         6
 Agony                    Necr           9%         N/A       89%         5
 Silence                  Hex/Air        4%         N/A       89%         5
 Summon Hydra             Summ           4%         N/A       100%        7


Dungeon Overview and Level Annotations

Branches:
Dungeon (11/15)            Temple (1/1) D:4            Lair (5/5) D:8
 Shoals (0/4) Lair:2       Spider (0/4) Lair:3        Slime (0/5) Lair:4
    Orc (2/2) D:9             Elf (1/3) Orc:2

Altars:
Ashenzari
Cheibriados
Dithmenos
Elyvilon
Fedhas
Gozag
Hepliaklqana
Kikubaaqudgha
Makhleb
Nemelex Xobeh
Okawaru
Qazlal
Ru
Sif Muna
Trog
Uskayaw
Vehumet
Wu Jian
Xom
Yredelemnul
Zin
The Shining One
Jiyva

Shops:
D:8 ?

Annotations:
Orc:2 Azrael, Jorgrun


Innate Abilities, Weirdness & Mutations

Your dull iron-grey scales are very hard. (AC +13)
You are amphibious.
You cannot fit into any form of body armour.
You are cold-blooded and may be slowed by cold attacks.
Your large and strong wings let you fly.
You have large cloven feet.
You are agile. (Dex +4, Str/Int -1)


Message History

* * * LOW HITPOINT WARNING * * *
The +3 vampiric war axe closely misses you.
Okay, then.
You feel yourself speed up. The +3 vampiric war axe hits you.
* * * LOW HITPOINT WARNING * * *
The +3 vampiric war axe draws strength from your wounds!
The +3 vampiric war axe hits you but does no damage.
Okay, then.
You feel better.
Press: ? - help, v - describe, . - travel
Here: a +3 vampiric war axe (moderately damaged)
The floor.
Unknown command.
Press: ? - help, v - describe, . - travel
Here: a +3 vampiric war axe (moderately damaged)
The floor.
You miss the +3 vampiric war axe.
Your kick misses the +3 vampiric war axe.
The +3 vampiric war axe is moderately damaged.
The +3 vampiric war axe misses you. The +3 vampiric war axe hits you.
* * * LOW HITPOINT WARNING * * *
You hit the +3 vampiric war axe.
The +3 vampiric war axe is heavily damaged.
The +3 vampiric war axe hits you!
* * * LOW HITPOINT WARNING * * *
The +3 vampiric war axe draws strength from your wounds!
Okay, then.
Aiming: Bolt of Light
Press: ? - help, Shift-Dir - straight line, f/p - +3 vampiric war axe
Aim: a +3 vampiric war axe (moderately damaged, 43% to hit)
Okay, then.
Aiming: Iceblast
Press: ? - help, Shift-Dir - straight line, p - +3 vampiric war axe The mass of ice explodes!
The iceblast engulfs the +3 vampiric war axe!
The +3 vampiric war axe partially resists.
The +3 vampiric war axe is heavily damaged.
You hear a shout!
The +3 vampiric war axe hits you!
You die...

# #.. ...
##### ..
#...#####.#
#........)#
#...(######
#.<@......#
#...#####.#
#####


You could see a +3 vampiric war axe.

Vanquished Creatures
  A fire dragon (Lair:5)
  Fannar (Lair:2)
  5 hydras
  5 two-headed ogres
  2 catoblepae
  A boulder beetle (Lair:3)
  6 death yaks
  A vampire mage (Lair:5)
  Nergalle (Lair:3)
  A deep elf knight (Elf:1)
  A skyshark (Lair:3)
  6 lindwurms
  A cyclops (D:7)
  An orc sorcerer (Orc:2)
  An ugly thing (D:11)
  2 manticores (D:11)
  Maurice (Orc:1)
  5 elephants
  5 black mambas
  8 cane toads
  3 molten gargoyles (Lair:5)
  An unseen horror (D:10)
  17 komodo dragons
  3 rime drakes
  A troll (Orc:1)
  3 polar bears
  5 dream sheep
  16 blink frogs
  2 wraiths
  3 wyverns
  A fire elemental (Orc:1)
  32 yaks
  4 steam dragons
  8 basilisks
  A human (Lair:5)
  Eustachio (D:4)
  A vampire mosquito (D:11)
  A warg (Orc:2)
  13 water moccasins
  Duvessa (D:5)
  3 acid dragons (D:11)
  8 hell hounds
  9 orc warriors
  2 sky beasts
  3 black bears
  4 ogres
  14 wolves
  3 centaurs
  2 kobold brigands
  3 phantoms
  14 bullfrogs
  8 scorpions
  14 wights
  Dowan (D:5)
  A killer bee (D:6)
  5 howler monkeys
  6 lava snakes
  4 hounds
  A jelly (D:5)
  6 orc priests
  Jessica (D:3)
  17 orc wizards
  Ijyb (D:3)
  5 iguanas
  14 adders
  A white imp (D:7)
  2 ufetubi
  5 worms
  59 orcs
  5 ball pythons
  6 bats
  6 endoplasms
  4 giant cockroaches
  6 goblins
  5 hobgoblins
  3 quokkas
  3 frilled lizards
  10 kobolds
  2 rats
438 creatures vanquished.

Vanquished Creatures (collateral kills)
  A death yak (Lair:3)
  An elephant (Lair:3)
  A wraith (D:11)
  3 orcs (D:11)
6 creatures vanquished.

Grand Total: 444 creatures vanquished

Notes
Turn   | Place    | Note
-------+----------+-------------------------------------------
     0 | D:1      | knightboat the Draconian Earth Elementalist began the quest
                  | for the Orb.
     0 | D:1      | Reached XP level 1. HP: 14/14 MP: 3/3
   176 | D:1      | Reached XP level 2. HP: 20/20 MP: 2/5
   611 | D:1      | Found a faded altar of an unknown god.
   845 | D:2      | Reached XP level 3. HP: 26/26 MP: 5/7
  1825 | D:3      | Noticed Jessica
  1829 | D:3      | Killed Jessica
  1830 | D:3      | Reached XP level 4. HP: 24/33 MP: 6/10
  2076 | D:3      | Identified the +4 flail of the Shark {elec, Int+3}
  2103 | D:3      | Noticed Ijyb
  2114 | D:3      | Killed Ijyb
  2385 | D:3      | Reached XP level 5. HP: 38/38 MP: 8/11
  2738 | D:3      | Reached skill level 5 in Spellcasting
  2851 | D:4      | Noticed Eustachio
  2867 | D:4      | Killed Eustachio
  2868 | D:4      | Reached XP level 6. HP: 38/45 MP: 5/14
  3054 | D:4      | You fall into a shaft and drop 3 floors!
  3101 | D:6      | Gained mutation: You have large cloven feet. [potion of
                  | mutation]
  3101 | D:6      | Gained mutation: You are agile. (Dex +4, Str/Int -1)
                  | [potion of mutation]
  3101 | D:6      | Gained mutation: Your body sometimes deteriorates upon
                  | taking damage. [potion of mutation]
  3113 | D:6      | Reached skill level 5 in Earth Magic
  3116 | D:6      | Your scales start taking on a dull iron-grey colour.
  3116 | D:6      | Reached XP level 7. HP: 42/50 MP: 12/15
  3116 | D:6      | Lost mutation: You have large cloven feet. [potion of
                  | mutation]
  3116 | D:6      | Lost mutation: Your body sometimes deteriorates upon taking
                  | damage. [potion of mutation]
  3116 | D:6      | Gained mutation: You have large cloven feet. [potion of
                  | mutation]
  3116 | D:6      | Gained mutation: Your large and strong wings let you fly.
                  | [potion of mutation]
  3164 | D:6      | Learned a level 3 spell: Stone Arrow
  3182 | D:6      | Reached skill level 1 in Conjurations
  3282 | D:5      | Entered Level 5 of the Dungeon
  3282 | D:5      | Noticed Duvessa
  3284 | D:5      | Noticed Dowan
  3505 | D:4      | Reached XP level 8. HP: 57/57 MP: 13/17
  3585 | D:4      | Found a staircase to the Ecumenical Temple.
  3603 | Temple   | Entered the Ecumenical Temple
  4034 | Temple   | Became a worshipper of Vehumet
  4128 | D:4      | Reached skill level 1 in Fighting
  4188 | D:4      | Reached skill level 2 in Fighting
  4322 | D:4      | Reached skill level 3 in Fighting
  4598 | D:5      | Reached skill level 4 in Fighting
  4794 | D:5      | Reached skill level 5 in Fighting
  4836 | D:5      | Reached * piety under Vehumet
  4836 | D:5      | Offered knowledge of Shock by Vehumet.
  4882 | D:5      | Reached skill level 6 in Fighting
  5219 | D:5      | Killed Dowan
  5227 | D:5      | Killed Duvessa
  5228 | D:5      | Reached skill level 7 in Fighting
  5376 | D:6      | Reached XP level 9. HP: 79/79 MP: 19/19
  5385 | D:6      | Reached skill level 1 in Shapeshifting
  5810 | D:6      | Reached ** piety under Vehumet
  5810 | D:6      | Offered knowledge of Kiss of Death by Vehumet.
  6028 | D:7      | Noticed a cyclops
  6051 | D:7      | Killed a cyclops
  6403 | D:7      | Reached XP level 10. HP: 61/86 MP: 22/22
  6587 | D:8      | Reached skill level 5 in Shapeshifting
  6730 | D:8      | Learned a level 3 spell: Mephitic Cloud
  6734 | D:8      | Learned a level 3 spell: Ignite Poison
  6765 | D:8      | Found Tupeagiu's Magic Scroll Shoppe.
  6773 | D:8      | Bought a scroll of identify for 20 gold pieces
  6776 | D:8      | Bought a scroll of identify for 20 gold pieces
  6776 | D:8      | Bought a scroll of identify for 20 gold pieces
  6776 | D:8      | Bought a scroll of identify for 20 gold pieces
  6808 | D:8      | Found a staircase to the Lair.
  6831 | D:8      | Offered knowledge of Poisonous Vapours by Vehumet.
  6920 | D:8      | Reached skill level 1 in Poison Magic
  7046 | D:8      | Noticed a lindwurm
  7046 | D:8      | Noticed a lindwurm
  7047 | D:8      | Noticed a lindwurm
  7047 | D:8      | Noticed a lindwurm
  7247 | D:8      | Reached *** piety under Vehumet
  7709 | D:8      | Killed a lindwurm
  7939 | D:8      | HP: 4/86 [lindwurm/blast of flame (14)]
  8123 | D:8      | Learned a level 2 spell: Poisonous Vapours
  8169 | D:8      | Killed a lindwurm
  8315 | D:8      | Killed a lindwurm
  8316 | D:8      | Reached skill level 5 in Conjurations
  8322 | D:8      | Killed a lindwurm
  8387 | D:8      | Identified the +0 mace of Tosa {heavy, Dex+3}
  8798 | D:9      | Offered knowledge of Iskenderun's Mystic Blast by Vehumet.
  8867 | D:9      | Reached XP level 11. HP: 42/93 MP: 9/23
  9094 | D:9      | Found a staircase to the Orcish Mines.
  9233 | D:9      | Noticed a two-headed ogre
  9241 | D:9      | Killed a two-headed ogre
  9242 | D:9      | Reached skill level 8 in Fighting
  9670 | D:10     | Entered Level 10 of the Dungeon
  9721 | D:10     | Noticed a two-headed ogre
  9728 | D:10     | Killed a two-headed ogre
  9785 | D:10     | Noticed a two-headed ogre
  9792 | D:10     | Killed a two-headed ogre
 10213 | D:10     | Found a sacrificial altar of Ru.
 10241 | D:10     | Found a stormy altar of Qazlal.
 10350 | D:10     | Noticed a two-headed ogre
 10357 | D:10     | Killed a two-headed ogre
 10357 | D:10     | Reached **** piety under Vehumet
 10358 | D:10     | Reached skill level 9 in Fighting
 10710 | D:11     | Noticed a cyan ugly thing
 10716 | D:11     | Killed a cyan ugly thing
 10717 | D:11     | Reached skill level 5 in Dodging
 11028 | D:11     | Noticed a two-headed ogre
 11037 | D:11     | HP: 3/97 [two-headed ogre/+0 giant club (15)]
 11038 | D:11     | Killed a two-headed ogre
 11038 | D:11     | Offered knowledge of Hailstorm by Vehumet.
 11039 | D:11     | Reached skill level 10 in Earth Magic
 11339 | D:8      | Learned a level 5 spell: Fireball
 11340 | Lair:1   | Entered Level 1 of the Lair of Beasts
 11351 | Lair:1   | Reached skill level 1 in Fire Magic
 11444 | Lair:1   | Reached XP level 12. HP: 106/106 MP: 22/24
 12971 | Lair:2   | Reached skill level 5 in Fire Magic
 12999 | Lair:2   | Noticed Fannar
 13008 | Lair:2   | Found a staircase to the Shoals.
 13332 | Lair:2   | Killed Fannar
 13780 | Lair:3   | Noticed a death yak
 13782 | Lair:3   | Noticed a death yak
 13783 | Lair:3   | Noticed a death yak
 13824 | Lair:2   | Killed a death yak
 13824 | Lair:2   | Reached ***** piety under Vehumet
 14499 | Lair:3   | Offered knowledge of Starburst by Vehumet.
 14513 | Lair:3   | Learned a level 6 spell: Starburst
 14729 | Lair:3   | Noticed a catoblepas
 14754 | Lair:3   | Killed a catoblepas
 14868 | Lair:3   | Noticed a death yak
 14869 | Lair:3   | Noticed a death yak
 14871 | Lair:3   | Noticed a death yak
 14872 | Lair:3   | Noticed a death yak
 14874 | Lair:3   | Reached XP level 13. HP: 112/112 MP: 12/25
 15232 | Lair:4   | Found a viscous altar of Jiyva.
 15232 | Lair:4   | Found a staircase to the Slime Pits.
 16619 | Lair:5   | Entered Level 5 of the Lair of Beasts
 16968 | Lair:5   | Reached skill level 10 in Conjurations
 17214 | Lair:5   | Reached skill level 10 in Spellcasting
 17367 | Lair:5   | Reached skill level 1 in Maces & Flails
 17375 | Lair:5   | Reached skill level 10 in Fighting
 18318 | Lair:4   | Identified a scroll of acquirement
 18506 | Lair:5   | HP: 3/114 [komodo dragon (12)]
 19002 | Lair:5   | Offered knowledge of Leda's Unmaking by Vehumet.
 19078 | Lair:5   | Learned a level 6 spell: Leda's Unmaking
 19093 | Lair:5   | Noticed a fire dragon
 19099 | Lair:5   | Found a large runed translucent door.
 19099 | Lair:5   | Found a large runed translucent door.
 19243 | Lair:5   | Reached XP level 14. HP: 122/122 MP: 6/28
 19262 | Lair:5   | Reached skill level 11 in Fighting
 19963 | Lair:5   | Found a runed translucent door.
 20119 | Lair:5   | Reached skill level 5 in Maces & Flails
 20425 | Lair:3   | Found a hole to the Spider Nest.
 20506 | Lair:3   | Noticed Nergalle
 20515 | Lair:3   | Killed Nergalle
 21213 | Orc:1    | Entered Level 1 of the Orcish Mines
 21240 | Orc:1    | Noticed Maurice
 21247 | Orc:1    | Killed Maurice
 21529 | Orc:2    | Entered Level 2 of the Orcish Mines
 21529 | Orc:2    | Found a staircase to the Elven Halls.
 21726 | Orc:2    | Noticed Azrael
 21728 | Orc:2    | Noticed Jorgrun
 22268 | Orc:2    | HP: 6/125 [constriction (16)]
 22271 | Elf:1    | Entered Level 1 of the Elven Halls
 22598 | Elf:1    | HP: 5/125 [+3 vampiric war axe (4)]
 22606 | Elf:1    | Slain by a +3 vampiric war axe

Illustrated notes

Levels and vault maps discovered:
D:1:      dpeg_arrival_arbitrary_a, layout_basic, basic_ecumenical_altar
D:2:      layout_loops_cross, minmay_misc_feat_rugged
D:3:      layout_basic, guppyfry_early_lair_pool, uniq_jessica, uniq_ijyb
D:4:      layout_cave_pools, minmay_temple_entry_proselytizer,
          nicolae_houndstooth_variations, uniq_eustachio
D:5:      layout_cave_pods, uniq_duvessa
D:6:      minmay_chambers_of_threes, layout_rooms
D:7:      layout_basic
D:8:      layout_loops_ring, lair_entry_dummy, serial_shops, shop,
          hangedman_abyss_or_decor_lesser_grid, kennysheep_diamond,
          minmay_lindwurm_lava
D:9:      layout_basic, orc_0_dummy, serial_curves, eino_curves_02,
          eino_curves_01
D:10:     layout_long_grid, mainiacjoe_overflow_two_lobes,
          hangedman_decor_points
D:11:     nzn_winding_woodlands_small [nzn_winding_woodlands_5x15_parted,
          nzn_winding_woodlands_center_pierced_h,
          nzn_winding_woodlands_5x15_sawtooth], layout_long_grid
Temple:   mainiacjoe_temple_cubbyholes
Lair:1:   layout_cave_pods, infiniplex_staircase_pool_2
Lair:2:   layout_cave_shapes, elwin_shoals_entry_rocks, guppyfry_lair_drakes,
          uniq_fannar
Lair:3:   layout_roguey, nicolae_spider_entry_non_spiders, minmay_hedge_maze,
          uniq_nergalle
Lair:4:   layout_regular_city, slime_entry_1, beast_lair_carwin_8
Lair:5:   cheibrodos_lair_end_hotspot, layout_misc_corridors, st_stairs_5,
          pdpol_lair_cabin_in_the_woods
Orc:1:    layout_caves, uniq_maurice
Orc:2:    grunt_orc_tribal_feast, layout_caves, serial_shops, shop,
          library_closet, uniq_jorgrun, uniq_azrael
Elf:1:    eino_elf_arrival_altar, layout_loops_cross,
          portal_desolation_entry_holy_temple, evilmike_minifort, st_stairs_10

Skill      XL: |  1  2  3  4  5  6  7  8  9 10 11 12 13 14 |
---------------+-------------------------------------------+-----
Spellcasting   | 3 4 5 6 8 10 | 10.4
Earth Magic    | 4 6 7 10 | 10.1
Conjurations   | 2 3 5 6 8 10 | 10.0
Fighting       | 7 9 10 11 | 11.6
Shapeshifting  | 4 5 7 8 |  8.1
Poison Magic   | 4 |  4.2
Transmutations | 4 |  4.3
Dodging        | 3 5 |  5.7
Fire Magic     | 2 6 8 |  8.0
Maces & Flails | 4 6 |  6.1
Stealth        | |  1.7

Action                     |  1- 3 |  4- 6 |  7- 9 | 10-12 | 13-15 || total
---------------------------+-------+-------+-------+-------+-------++-------
  Melee: Flail             |       |    19 |     8 |    34 |    63 ||   124
         Kick              |       |     1 |     4 |    12 |    23 ||    40
         Tailslap          |       |       |     1 |     8 |    11 ||    20
         Punch             |       |       |       |     1 |     2 ||     3
   Cast: Sandblast         |    52 |    65 |   215 |   368 |   225 ||   925
         Poisonous Vapours |       |       |       |    42 |     6 ||    48
         Mephitic Cloud    |       |       |       |     8 |       ||     8
         Ignite Poison     |       |       |       |    13 |     2 ||    15
         Fireball          |       |       |       |    14 |       ||    14
         Stone Arrow       |       |       |       |     4 |    84 ||    88
         Starburst         |       |       |       |       |    51 ||    51
         Leda's Unmaking   |       |       |       |       |    12 ||    12
  Evoke: Wand              |       |       |       |       |     1 ||     1
    Use: Potion            |       |     3 |     1 |     5 |     8 ||    17
         Scroll            |       |       |       |     9 |    23 ||    32
   Stab: Invisible         |       |       |       |     1 |       ||     1
 Armour: Skin              |     6 |    59 |    90 |   233 |   157 ||   545
  Dodge: Dodged            |     8 |    66 |    95 |   293 |   293 ||   755

Table legend: (Time is in decaauts)
 A = Elapsed time spent in this place.
 B = Non-inter-level travel time spent in this place.
 C = Inter-level travel time spent in this place.
 D = Time resting spent in this place.
 E = Time spent auto-exploring this place.
 F = Levels seen in this place.
 G = Mean time per level.
                   A        B        C        D        E       F      G
               +--------+--------+--------+--------+--------+-----+--------+
         Total |  23138 |  22019 |   1119 |   4044 |  14083 |  20 | 1156.9 |
       Dungeon |  11222 |  10736 |    486 |   1246 |   7547 |  11 | 1020.2 |
        Temple |    467 |    410 |     57 |      0 |    322 |   1 |  467.0 |
          Lair |  10033 |   9501 |    532 |   2099 |   5775 |   5 | 2006.6 |
  Orcish Mines |   1078 |   1034 |     44 |    396 |    435 |   2 |  539.0 |
   Elven Halls |    337 |    337 |      0 |    303 |      4 |   1 |  337.0 |
               +--------+--------+--------+--------+--------+-----+--------+

Top non-repeatable levels by time:
  Lair:5: 3164 daAuts
  Lair:3: 2120 daAuts
  Lair:4: 2037 daAuts
     D:8: 2021 daAuts
  Lair:2: 1420 daAuts
    D:10: 1328 daAuts
  Lair:1: 1290 daAuts
     D:9: 1265 daAuts
     D:3: 1233 daAuts
     D:5: 1018 daAuts
   Orc:1: 977 daAuts
     D:2: 882 daAuts
     D:4: 855 daAuts
     D:6: 808 daAuts
     D:1: 752 daAuts
